 Dungeon Crawl Stone Soup version 0.28.0 (webtiles) character file.

Game seed: 9218009550864274144

1050 enile the Fighter (level 8, -6/88 HPs)
             Began as an Ogre Air Elementalist on Feb 16, 2022.
             Was a Believer of Dithmenos.
             Succumbed to a water moccasin's poison
             ... on level 6 of the Dungeon.
             The game lasted 00:12:06 (7158 turns).

enile the Fighter (Ogre Air Elementalist)           Turns: 7158, Time: 00:12:07

Health: -6/88      AC:  6    Str: 13    XL:     8   Next: 26%
Magic:  1/14       EV: 10    Int: 18    God:    Dithmenos [**....]
Gold:   282        SH:  5    Dex:  9    Spells: 9/15 levels left

rFire   . . .      SeeInvis .   n - +3 war axe (vorpal)
rCold   . . .      Faith    .   (no shield)
rNeg    . . .      Spirit   .   a - +0 robe
rPois   .          Reflect  +   (helmet restricted)
rElec   .          Harm     .   l - +2 cloak
rCorr   .          Rampage  .   (gloves unavailable)
Will    .....                   (boots unavailable)
Stlth   ++........              d - amulet of reflection
HPRegen 0.24/turn               (no ring)
MPRegen 0.14/turn               (no ring)

@: lethally poisoned (-6 -> -35), flying, wreathed by umbra, invisible
A: large, unfitting armour, tough skin 1
a: Renounce Religion, Shadow Step


You were on level 6 of the Dungeon.
You worshipped Dithmenos.
Dithmenos was pleased with you.
You visited 1 branch of the dungeon, and saw 6 of its levels.

You collected 282 gold pieces.

Inventory:

Hand Weapons
 e - a +0 dagger of draining
 n - a +3 vorpal war axe (weapon)
Armour
 a - a +0 robe (worn)
 l - a +2 cloak (worn)
Magical Staves
 q - a staff of conjuration
Jewellery
 d - an amulet of reflection (around neck)
 t - a ring of protection from fire
Wands
 k - a wand of acid (7)
Scrolls
 b - a scroll of enchant armour
 f - 3 scrolls of magic mapping
 i - a scroll of noise {unknown}
 j - a scroll of amnesia
 p - 3 scrolls of identify
Potions
 c - 3 potions of brilliance
 h - a potion of flight
 o - 2 potions of heal wounds {unknown}
 r - a potion of attraction {unknown}


   Skills:
 - Level 8.0 Fighting
 - Level 3.3 Axes
 - Level 3.0 Dodging
 - Level 1.4 Stealth
 - Level 4.0 Spellcasting
 - Level 0.9 Conjurations
 + Level 0.0 Fire Magic
 - Level 2.7 Air Magic
 - Level 2.0 Invocations
 - Level 3.0 Evocations


You had 9 spell levels left.
You knew the following spells:

 Your Spells              Type           Power      Damage    Failure   Level
a - Shock                 Conj/Air       40%        1d5       7%          1
b - Static Discharge      Conj/Air       10%        N/A       11%         2
c - Inner Flame           Hex/Fire       3%         N/A       41%         3

Your spell library contained the following spells:

 Spells                   Type           Power      Damage    Failure   Level
 Magic Dart               Conj           24%        1d4       10%         1
 Foxfire                  Conj/Fire      20%        2x1d5     12%         1
 Animate Skeleton         Necr           6%         N/A       14%         1
 Pain                     Necr           12%        1d4       14%         1
 Swiftness                Air            13%        N/A       14%         3
 Call Imp                 Summ           3%         N/A       22%         2
 Ensorcelled Hibernation  Hex/Ice        6%         N/A       22%         2
 Mephitic Cloud           Conj/Pois/Air  7%         N/A       26%         3
 Conjure Flame            Conj/Fire      5%         6-21      36%         3
 Spider Form              Tmut/Pois      3%         N/A       41%         3
 Vampiric Draining        Necr           3%         2d6       41%         3
 Airstrike                Air            6%         N/A       43%         4
 Flame Wave               Conj/Fire      5%         2d5       77%         4
 Anguish                  Hex/Necr       1%         N/A       82%         4


Dungeon Overview and Level Annotations

Branches:
Dungeon (6/15)
 Temple: D:4-7

Altars:
Dithmenos
Okawaru


Innate Abilities, Weirdness & Mutations

You are too large for most types of armour.
You have tough skin. (AC +1)


Message History

The water moccasin bites you!
* * * LOW HITPOINT WARNING * * *
You feel sick. The water moccasin bites you.
* * * LOW HITPOINT WARNING * * *
You are lethally poisoned!
The water moccasin poisons you!
Casting: Static Discharge (safe; 11% risk of failure)
Confirm with . or Enter, or press ? or * to list all spells.
The water moccasin is struck by an arc of lightning.
The water moccasin is almost dead.
You are struck by an arc of lightning.
* * * LOW HITPOINT WARNING * * *
The lightning grounds out.
* * * LOW HITPOINT WARNING * * *
You feel very sick. The water moccasin bites you.
* * * LOW HITPOINT WARNING * * *
You are more poisoned.
The water moccasin poisons you!
* * * LOW HITPOINT WARNING * * *
You feel extremely sick. You block the water moccasin's attack.
The water moccasin bites you.
* * * LOW HITPOINT WARNING * * *
You are more poisoned.
The water moccasin poisons you!
You feel better.
The water moccasin bites you but does no damage.
It was a potion of invisibility.
You fade into invisibility!
The water moccasin bites you.
* * * LOW HITPOINT WARNING * * *
You are lethally poisoned!
The water moccasin poisons you! The water moccasin bites you.
* * * LOW HITPOINT WARNING * * *
You are more poisoned.
The water moccasin poisons you!
It was a potion of flight.
You feel very buoyant.
You fly up into the air.
You die...

###############
......#........
.............#
#@)#
#.....S.......
#..........#>#
#....#..##.#
#.....#..# ..
.###..#..# >.
.# .... . ..
.#..


You could see a water moccasin.

Vanquished Creatures
  Grinder (D:3)
  Duvessa (D:5)
  2 ogres (D:5)
  A centaur (D:5)
  2 scorpions (D:4)
  Dowan (D:5)
  A jelly (D:5)
  Jessica (D:3)
  An orc wizard (D:4)
  2 hound skeletons (D:4)
  A howler monkey zombie (D:5)
  11 adders
  A shadow imp (D:5)
  An ufetubus (D:5)
  4 worms
  A dart slug (D:3)
  8 orcs
  6 bats
  6 endoplasms
  2 giant cockroaches
  2 goblins
  8 hobgoblins
  6 jackals
  3 kobolds
  2 quokkas
  12 ball pythons
  9 rats
96 creatures vanquished.

Vanquished Creatures (others)
  10 fungi (D:5)
10 creatures vanquished.

Grand Total: 106 creatures vanquished

Notes
Turn   | Place    | Note
-------+----------+-------------------------------------------
     0 | D:1      | enile the Ogre Air Elementalist began the quest for the
                  | Orb.
     0 | D:1      | Reached XP level 1. HP: 16/16 MP: 3/3
   223 | D:1      | Reached skill level 1 in Fighting
   660 | D:1      | Reached XP level 2. HP: 27/28 MP: 1/5
   763 | D:1      | Reached skill level 2 in Fighting
   874 | D:1      | Found a faded altar of an unknown god.
  1527 | D:1      | Reached skill level 3 in Fighting
  1527 | D:1      | Reached XP level 3. HP: 31/37 MP: 2/7
  1641 | D:2      | Learned a level 2 spell: Static Discharge
  2056 | D:2      | Reached skill level 4 in Fighting
  2100 | D:2      | Reached XP level 4. HP: 48/48 MP: 4/8
  2259 | D:2      | Found an iron altar of Okawaru.
  2605 | D:1      | Prayed at the altar of an unknown god.
  2605 | D:1      | Became a worshipper of Dithmenos the Shadowed
  2605 | D:1      | Reached * piety under Dithmenos
  2981 | D:2      | Reached skill level 5 in Fighting
  3136 | D:3      | Reached XP level 5. HP: 51/57 MP: 1/9
  3318 | D:3      | Noticed Jessica
  3322 | D:3      | Killed Jessica
  3382 | D:3      | Noticed Grinder
  3393 | D:3      | Paralysed by Grinder for 4 turns
  3438 | D:3      | Paralysed by Grinder for 7 turns
  3447 | D:3      | Killed Grinder
  3448 | D:3      | Reached skill level 6 in Fighting
  3448 | D:3      | Reached XP level 6. HP: 26/67 MP: 0/11
  3888 | D:4      | Reached ** piety under Dithmenos
  4421 | D:4      | Reached XP level 7. HP: 75/76 MP: 1/13
  4899 | D:4      | Reached skill level 7 in Fighting
  5483 | D:5      | Entered Level 5 of the Dungeon
  5742 | D:5      | Reached skill level 8 in Fighting
  5742 | D:5      | Reached skill level 1 in Axes
  6230 | D:5      | Noticed Duvessa
  6230 | D:5      | Noticed Dowan
  6281 | D:5      | Killed Duvessa
  6282 | D:5      | Reached XP level 8. HP: 18/88 MP: 11/14
  6288 | D:5      | Killed Dowan
  6805 | D:5      | Learned a level 3 spell: Inner Flame
  7155 | D:6      | HP: 4/88 [poisoned by a water moccasin]
  7157 | D:6      | HP: 1/88 [water moccasin (6)]
  7158 | D:6      | Succumbed to a water moccasin's poison

Illustrated notes

Levels and vault maps discovered:
D:1:      doesnt_arrival_eight_statues, layout_basic,
          chequers_ecumenical_altar_simple_redux
D:2:      layout_rooms, basic_altar
D:3:      layout_rooms, uniq_grinder, uniq_jessica
D:4:      layout_gridville, grunt_decor_cap, kennysheep_generic_room_7
D:5:      layout_rooms, serial_aquarium, aquarium_bridge_long_joined
          [aquarium_subvault_bridge, aquarium_subvault_wall,
          aquarium_subvault_window, aquarium_subvault_bridge,
          aquarium_subvault_wall, aquarium_subvault_wall], aquarium_window_1,
          aquarium_window_fake, aquarium_view_2f, aquarium_view_2f,
          aquarium_pool_2, uniq_duvessa
D:6:      hellmonk_crumbling_castle, layout_loops_ring

Skill      XL: |  1  2  3  4  5  6  7  8 |
---------------+-------------------------+-----
Fighting       | 1 3 4 5 6 8 |  8.0
Spellcasting   | 3 4 |  4.0
Dodging        | 2 3 |  3.0
Evocations     | 3 |  3.0
Axes           | 3 |  3.3
Invocations    | 2 |  2.0
Stealth        | |  1.4
Conjurations   | |  0.9
Air Magic      | |  2.7

Action                   |  1- 3 |  4- 6 |  7- 9 || total
-------------------------+-------+-------+-------++-------
Melee: Unarmed           |    17 |       |       ||    17
       Dagger            |    49 |    42 |       ||    91
       War axe           |       |     8 |    47 ||    55
       Punch             |       |       |     1 ||     1
Throw: Throwing net      |       |       |     1 ||     1
 Cast: Shock             |    66 |   113 |    58 ||   237
       Static Discharge  |     1 |     7 |    15 ||    23
Invok: Shadow Step       |       |       |     1 ||     1
Evoke: Wand              |       |     5 |     8 ||    13
  Use: Scroll            |       |     2 |     4 ||     6
       Potion            |       |     1 |     4 ||     5
Armor: Robe              |    27 |    38 |    28 ||    93
Dodge: Dodged            |    40 |    62 |    50 ||   152
Block: Other             |       |    10 |    25 ||    35
       Reflection        |       |       |     2 ||     2
